[Event "Titled Tuesday Blitz November 22 Late 2022"]
[White "Filgueira, Hernan"]
[Black "Fernandez Garcia, Gumersindo"]
[WhiteFideId "101770"]
[BlackFideId "24516740"]
[WhiteElo "2363"]
[BlackElo "2140"]
[Result "1-0"]
[Round "08"]
[TimeControl "180+1"]
[Date "2022.11.23"]
[WhiteClock "0:00:43"]
[BlackClock "0:00:13"]

1. e4 d6 2. d4 Nf6 3. Nc3 e5 4. Nf3 Nbd7 5. Bc4 h6 6. a4 c6 7. Ba2 Be7 8. h3 Qc7 9. Be3 O-O 10. O-O a6 11. a5 Rd8 12. Qe2 Nf8 13. dxe5 dxe5 14. Bb6 Qb8 15. Bxd8 Bxd8 16. Rfd1 Bc7 17. Bb3 Be6 18. Bxe6 Nxe6 19. g3 Qa7 20. Qc4 Re8 21. Nh4 Ng5 22. Kg2 Qb8 23. Nf5 Qc8 24. f3 Kh7 25. h4 Ne6 26. Nd6 Bxd6 27. Rxd6 Qc7 28. Rd2 Nd4 29. Ne2 Ne6 30. b4 Rg8 31. Rh1 Re8 32. c3 Rg8 33. Qd3 Rd8 34. Qe3 Re8 35. Qb6 Qc8 36. Rhd1 Rg8 37. Rh1 Re8 38. Qe3 Rg8 39. h5 Re8 40. g4 Kg8 41. Rhd1 Kh7 42. Rd6 Rg8 43. c4 Re8 44. c5 Rg8 45. Qc3 g6 46. Qxe5 Ne8 47. hxg6+ Rxg6 48. Rd7 N8g7 49. Rxf7 Ng5 50. Rf6 Rxf6 51. Qxf6 Qe8 52. Rd6 Nxe4 53. Qxh6+ Kg8 54. Rg6 Qe7 55. Rxg7+ Qxg7 56. Qxg7+ Kxg7 57. fxe4 1-0


[Site "https://www.chess.com"]

[Event "Titled Tuesday Blitz November 22 Late 2022"]
[White "Fiol, Fabrice"]
[Black "Sabar, Ethmane Daouda"]
[WhiteFideId "611670"]
[BlackFideId "19600097"]
[WhiteElo "2443"]
[BlackElo "1950"]
[Result "1-0"]
[Round "08"]
[TimeControl "180+1"]
[Date "2022.11.23"]
[WhiteClock "0:02:30"]
[BlackClock "0:02:40"]

1. e4 c5 2. Nf3 Nc6 3. Bb5 Na5 4. c3 a6 5. Ba4 b5 6. Bc2 Nc6 7. O-O e6 8. d4 cxd4 9. cxd4 Nf6 10. d5 exd5 11. exd5 Ne7 12. d6 1-0


[Site "https://www.chess.com"]

[Event "Titled Tuesday Blitz November 22 Late 2022"]
[White "Firouzja, Alireza"]
[Black "Jobava, Baadur"]
[WhiteFideId "12573981"]
[BlackFideId "13601520"]
[WhiteElo "2903"]
[BlackElo "2582"]
[Result "0-1"]
[Round "08"]
[TimeControl "180+1"]
[Date "2022.11.22"]
[WhiteClock "0:00:05"]
[BlackClock "0:00:15"]

1. e4 e5 2. Nf3 Nf6 3. Nxe5 d6 4. Nf3 Nxe4 5. d4 d5 6. Bd3 Bd6 7. O-O O-O 8. c4 c6 9. Re1 Re8 10. c5 Bc7 11. Nc3 Nxc3 12. Rxe8+ Qxe8 13. bxc3 Nd7 14. Bg5 h6 15. Bh4 Nf8 16. Qc2 b6 17. Re1 Be6 18. Ba6 Rb8 19. Qa4 Ng6 20. Bg3 Qd7 21. Bd3 Bxg3 22. hxg3 Ne7 23. Ne5 Qc7 24. Qa3 Re8 25. Nf3 bxc5 26. dxc5 Bd7 27. Nd4 Ng6 28. Rxe8+ Bxe8 29. Bxg6 fxg6 30. Qb2 Kh7 31. Qe2 Bf7 32. Qe3 Qb7 33. Qf4 Bg8 34. Kh2 Qa6 35. Qe3 Qa4 36. a3 a5 37. f4 Qxa3 38. Nxc6 a4 39. Nb4 Qb3 40. c6 Qc4 41. Qe5 d4 42. Qxd4 a3 43. Qxc4 Bxc4 44. c7 Be6 45. Kg1 Kg8 46. Kf2 Kf7 47. Ke3 Ke8 48. Kd4 Kd7 49. c4 Kxc7 50. Kc3 Kd6 51. Nd3 a2 52. c5+ Kc6 53. Kb2 Bf5 54. Ne5+ Kxc5 55. Kxa2 h5 56. Kb2 Kd4 57. Nf3+ Ke3 58. Nh4 Kf2 0-1


[Site "https://www.chess.com"]

[Event "Titled Tuesday Blitz November 22 Late 2022"]
[White "Gadimbayli, Abdulla"]
[Black "Svane, Rasmus"]
[WhiteFideId "13404938"]
[BlackFideId "4657101"]
[WhiteElo "2399"]
[BlackElo "2674"]
[Result "1-0"]
[Round "08"]
[TimeControl "180+1"]
[Date "2022.11.22"]
[WhiteClock "0:00:11"]
[BlackClock "0:00:02"]

1. e4 c6 2. Nf3 d5 3. exd5 cxd5 4. Ne5 Nc6 5. d4 a6 6. c3 Bf5 7. Nd2 e6 8. Qa4 Qc7 9. Ndf3 Bd6 10. c4 Ne7 11. c5 Bxe5 12. Nxe5 O-O 13. Bf4 f6 14. Nxc6 Qxc6 15. Qxc6 Nxc6 16. Bd6 Nxd4 17. O-O-O e5 18. Bxf8 Kxf8 19. Kd2 Rc8 20. Rc1 Ke7 21. Bd3 e4 22. Bb1 Ne6 23. f3 Bg6 24. fxe4 dxe4 25. Ke3 f5 26. g3 Kf6 27. Rhd1 Ke5 28. a3 f4+ 29. gxf4+ Nxf4 30. Rd7 Nd5+ 31. Ke2 Bh5+ 32. Ke1 Rf8 33. Rxb7 e3 34. c6 e2 35. Kd2 Rf1 36. Re1 Kd6 37. Be4 Nf6 38. Bg2 Rf2 39. c7 Bg4 40. h3 Bc8 41. Rb6+ Kxc7 42. Rc6+ Kd7 43. Bh1 Bb7 44. Rxf6 Rxf6 45. Bxb7 Rb6 46. Be4 Rxb2+ 47. Bc2 Rb5 48. Rxe2 Rh5 49. Re3 g6 50. Rd3+ Kc6 51. Kc3 Kb5 52. Bb3 Kb6 53. Rd6+ Kc7 54. Rd3 Kc6 55. a4 a5 56. Bc4 Kc5 57. Bb5 Rh4 58. Re3 Rh5 59. Bd7 Rd5 60. Bg4 h5 61. Bf3 Rf5 62. Be4 Rf6 63. Bd3 Kd5 64. Bc4+ Kd6 65. Re4 g5 66. Kd4 Rg6 67. Re5 g4 68. Rd5+ Kc6 69. Rxh5 g3 70. Bd5+ Kb6 71. Bg2 Rf6 72. Rg5 Rf2 73. Rxg3 Ra2 74. Rg6+ Kc7 75. Bc6 Rh2 76. Rh6 Rc2 77. Bb5 Rd2+ 78. Ke3 Rc2 79. h4 Kd8 80. h5 Ke7 81. Rh7+ Kf6 82. Ra7 Rc3+ 83. Kd4 Rh3 84. h6 Kg5 85. Rxa5 Kxh6 86. Ra8 Kg6 87. Re8 Kf6 88. Kc5 Kf7 89. Re1 Rh5+ 90. Kb6 Rh6+ 91. Kb7 Kf6 92. a5 Rh7+ 93. Kb6 Rh8 94. a6 Rb8+ 95. Kc6 Rc8+ 96. Kb7 Rc5 97. Bc6 Re5 98. Rxe5 1-0


[Site "https://www.chess.com"]

[Event "Titled Tuesday Blitz November 22 Late 2022"]
[White "Garcia Ramos, Daniel"]
[Black "Kopylov, Alexander A."]
[WhiteFideId "32010311"]
[BlackFideId "4164857"]
[WhiteElo "2357"]
[BlackElo "2436"]
[Result "0-1"]
[Round "08"]
[TimeControl "180+1"]
[Date "2022.11.22"]
[WhiteClock "0:00:02"]
[BlackClock "0:00:20"]

1. e4 e5 2. Nf3 Nc6 3. Bc4 Nf6 4. d3 Be7 5. O-O O-O 6. h3 d6 7. Re1 h6 8. a4 Nh7 9. Nbd2 Ng5 10. Nf1 Bf6 11. c3 g6 12. Ne3 Bg7 13. Nxg5 hxg5 14. Qf3 Kh7 15. a5 a6 16. b4 f5 17. exf5 gxf5 18. Qh5+ Bh6 19. Nd5 f4 20. d4 Bf5 21. Ba2 Qd7 22. Bd2 Rae8 23. dxe5 Nxe5 24. c4 c6 25. Nb6 Qg7 26. Bc3 g4 27. hxg4 Bxg4 28. Bb1+ Kg8 29. Qh2 Rf6 30. Bxe5 dxe5 31. Be4 Bg5 32. c5 Rh6 33. Nc4 Rxh2 34. Kxh2 Re6 35. Nd6 Rh6+ 36. Kg1 Qh8 37. f3 Rh1+ 38. Kf2 Bh4+ 39. Ke2 Rxe1+ 40. Rxe1 Bxe1 41. fxg4 Qh4 42. Bf5 Qf2+ 43. Kd3 Qd4+ 44. Kc2 Qc3+ 45. Kb1 Bd2 46. Ne4 Qc1+ 47. Ka2 Qc2+ 48. Ka1 Bc3+ 49. Nxc3 Qxc3+ 0-1


[Site "https://www.chess.com"]

[Event "Titled Tuesday Blitz November 22 Late 2022"]
[White "Gerbelli Neto, Eduardo"]
[Black "Cortes Orihuela, Javier"]
[WhiteFideId "2103281"]
[BlackFideId "3414329"]
[WhiteElo "2178"]
[BlackElo "2080"]
[Result "0-1"]
[Round "08"]
[TimeControl "180+1"]
[Date "2022.11.23"]
[WhiteClock "0:00:33"]
[BlackClock "0:00:43"]

1. e4 e5 2. Nf3 Nc6 3. d4 exd4 4. Nxd4 Nf6 5. Nc3 Bb4 6. Nxc6 bxc6 7. Bd3 d5 8. e5 Qe7 9. O-O Nd7 10. Bf4 Nc5 11. Ne2 Ne6 12. c3 Bc5 13. b4 Bb6 14. Bg3 h5 15. h4 g5 16. hxg5 h4 17. Bh2 Qxg5 18. Qc1 h3 19. Qxg5 Nxg5 20. Nd4 hxg2 21. Kxg2 Bh3+ 22. Kg1 Bxd4 23. cxd4 Nf3+ 24. Kh1 Bxf1 0-1


[Site "https://www.chess.com"]

[Event "Titled Tuesday Blitz November 22 Late 2022"]
[White "Ghazarian, Kirk"]
[Black "Zhigalko, Sergei"]
[WhiteFideId "30908604"]
[BlackFideId "13502956"]
[WhiteElo "2346"]
[BlackElo "2662"]
[Result "0-1"]
[Round "08"]
[TimeControl "180+1"]
[Date "2022.11.22"]
[WhiteClock "0:00:41"]
[BlackClock "0:01:52"]

1. d4 Nf6 2. Nf3 e6 3. Bf4 b6 4. e3 Bb7 5. Be2 Nh5 6. Bg5 Be7 7. Bxe7 Qxe7 8. O-O O-O 9. c4 f5 10. Nc3 Nf6 11. Rc1 d6 12. b4 Nbd7 13. Nb5 Rfc8 14. Nd2 a6 15. Nc3 c5 16. bxc5 bxc5 17. Rb1 Rc7 18. Bf3 Bxf3 19. Qxf3 Rac8 20. d5 Ne5 21. Qe2 exd5 22. cxd5 c4 23. Nf3 Nxf3+ 24. Qxf3 Qe5 25. Rfc1 Rc5 26. Na4 Rb5 27. Nb6 Rb8 28. a4 Rxb1 29. Rxb1 Rxb6 0-1


[Site "https://www.chess.com"]

[Event "Titled Tuesday Blitz November 22 Late 2022"]
[White "Goltsev, Dmitry"]
[Black "Souleidis, Georgios"]
[WhiteFideId "24176710"]
[BlackFideId "4206827"]
[WhiteElo "2289"]
[BlackElo "2401"]
[Result "1-0"]
[Round "08"]
[TimeControl "180+1"]
[Date "2022.11.22"]
[WhiteClock "0:01:35"]
[BlackClock "0:00:01"]

1. e4 c5 2. Nf3 e6 3. d4 cxd4 4. Nxd4 Nf6 5. Nc3 Nc6 6. Be2 Be7 7. O-O d6 8. Be3 O-O 9. f4 a6 10. Bf3 Qc7 11. g4 Nd7 12. f5 Nde5 13. Be2 Bd7 14. g5 Rfe8 15. f6 Bf8 16. Kh1 Rac8 17. Rg1 b5 18. a3 Nxd4 19. Bxd4 Bc6 20. Qe1 Qb7 21. Qh4 Ng6 22. Qg4 e5 23. Be3 a5 24. h4 Ra8 25. h5 Nf4 26. Bxf4 exf4 27. Bf3 b4 28. g6 fxg6 29. hxg6 bxc3 30. f7+ Kh8 31. fxe8=Q Rxe8 32. bxc3 Bxe4 33. Rgf1 Bxf3+ 34. Qxf3 Qd7 35. Rae1 Re5 36. Qxf4 Qh3+ 37. Kg1 hxg6 38. Qxf8+ Kh7 39. Qf4 Qh5 40. Rxe5 1-0


[Site "https://www.chess.com"]

[Event "Titled Tuesday Blitz November 22 Late 2022"]
[White "Golubev, Mikhail"]
[Black "Yuan, Qingyu"]
[WhiteFideId "14100983"]
[BlackFideId "8609772"]
[WhiteElo "2374"]
[BlackElo "2359"]
[Result "1-0"]
[Round "08"]
[TimeControl "180+1"]
[Date "2022.11.23"]
[WhiteClock "0:00:04"]
[BlackClock "0:00:06"]

1. e4 e5 2. Nc3 Nf6 3. d4 exd4 4. Qxd4 Nc6 5. Qd3 Bb4 6. Bd2 O-O 7. O-O-O Re8 8. Nge2 Ne5 9. Qg3 d6 10. Bg5 Bxc3 11. Nxc3 Ng6 12. Nd5 Nxe4 13. Bxd8 Nxg3 14. hxg3 Rxd8 15. Nxc7 Rb8 16. Nb5 d5 17. Nxa7 Bf5 18. Nb5 Ne5 19. Nd4 Bg6 20. f4 Nc6 21. f5 Nxd4 22. fxg6 Ne6 23. gxf7+ Kh8 24. Bd3 h6 25. Rhe1 Nf8 26. Bb5 g6 27. Re8 Kg7 28. Rxd8 Rxd8 29. Be8 Rd6 30. c4 d4 31. b4 Ne6 32. Kc2 Ng5 33. c5 Rd8 34. f8=Q+ Kxf8 35. Bxg6 Kg7 36. Bd3 Nf7 37. Re1 Kf6 38. Rf1+ Ke7 39. a4 Ne5 40. a5 Ng4 41. Rf4 Ne3+ 42. Kb3 Nxg2 43. Re4+ Kf6 44. b5 Rd5 45. Kc4 Rd8 46. a6 Ne3+ 47. Kb4 Nd5+ 48. Ka5 bxa6 49. b6 Nc3 50. Rf4+ Ke5 51. Rh4 Rc8 52. Rh5+ Ke6 53. Kxa6 Ra8+ 54. Kb7 Ra5 55. c6 Rxh5 56. c7 Nb5 57. c8=Q+ Kd6 58. Qc6+ Ke7 59. Qe4+ Kd7 60. Qh7+ Kd8 61. Qg8+ Ke7 62. Qg7+ Kd8 63. Qf8+ Kd7 64. Qf7+ Kd8 65. Qxh5 Nd6+ 66. Kc6 Nc8 67. Kd5 Ne7+ 68. Ke4 Ng8 69. Qh4+ Kd7 70. Qh1 Nf6+ 71. Kf3 Kc6 72. Kf2+ Kxb6 73. Qh4 Nd5 74. Qxh6+ Kb7 75. Qg5 Nb6 76. Be4+ Kc7 77. Qg7+ Kd6 78. Qxd4+ Kc7 79. Qc5+ Kb8 80. Qxb6+ Kc8 81. Bf5# 1-0


[Site "https://www.chess.com"]

[Event "Titled Tuesday Blitz November 22 Late 2022"]
[White "Goroshkov, Maksym"]
[Black "Todev, Simeon"]
[WhiteFideId "14142716"]
[BlackFideId "2925133"]
[WhiteElo "2257"]
[BlackElo "1938"]
[Result "0-1"]
[Round "08"]
[TimeControl "180+1"]
[Date "2022.11.23"]
[WhiteClock "0:01:26"]
[BlackClock "0:00:31"]

1. e4 c5 2. d4 cxd4 3. c3 dxc3 4. Nxc3 Nc6 5. Nf3 e6 6. Bc4 Nge7 7. O-O Ng6 8. Qe2 a6 9. a4 Bc5 10. Rd1 O-O 11. Be3 Bxe3 12. Qxe3 Qe7 13. Rac1 Qb4 14. Na2 Qxa4 15. Qb6 Qa5 16. Qe3 Nge5 17. Be2 Nxf3+ 18. Bxf3 Qxa2 19. Qc3 Qa5 20. Qc2 Qe5 21. Qd2 d5 22. exd5 exd5 23. Bxd5 Be6 24. Bxc6 bxc6 25. Rxc6 a5 26. Rc3 a4 27. h3 h6 28. Rg3 Kh8 29. Re1 Qf6 30. Rf3 Qg5 31. Qd6 Rfd8 32. Qa3 Qd2 33. Ra1 Rdb8 34. b4 axb3 35. Qxa8 Rxa8 36. Rxa8+ Kh7 37. Rb8 Qd1+ 38. Kh2 Qd6+ 39. g3 Qxb8 40. h4 Bd5 41. Rd3 b2 42. Rd1 b1=Q 43. Rxb1 Qxb1 44. g4 Qe4 45. f3 Qf4+ 46. Kg1 Qxg4+ 47. fxg4 Bf3 48. g5 hxg5 49. hxg5 Kg6 50. Kf2 Bh5 51. Kg3 Kxg5 52. Kh3 f5 53. Kg3 f4+ 54. Kf2 Kg4 55. Kg2 Bf7 56. Kf2 g5 57. Kg2 Bd5+ 58. Kf2 f3 59. Kf1 Kg3 60. Ke1 f2+ 61. Ke2 Bf3+ 62. Ke3 f1=Q 63. Kd4 Qe2 64. Kc5 g4 65. Kd6 Qe4 66. Kc5 Qd5+ 67. Kb4 Kf2 68. Kc3 Ke3 69. Kb2 Qd2+ 70. Ka1 Qc3+ 71. Ka2 Bd5+ 72. Kb1 Qd2 73. Ka1 Qa2# 0-1


[Site "https://www.chess.com"]

[Event "Titled Tuesday Blitz November 22 Late 2022"]
[White "Goryachkina, Aleksandra"]
[Black "Al-Tarboush, Ward"]
[WhiteFideId "4147103"]
[BlackFideId "7601450"]
[WhiteElo "2484"]
[BlackElo "2273"]
[Result "1-0"]
[Round "08"]
[TimeControl "180+1"]
[Date "2022.11.23"]
[WhiteClock "0:00:07"]
[BlackClock "0:00:01"]

1. e4 c5 2. Nf3 Nc6 3. Bb5 e6 4. Bxc6 bxc6 5. b3 f6 6. O-O Nh6 7. c3 Be7 8. d4 cxd4 9. cxd4 O-O 10. Ba3 Bxa3 11. Nxa3 Ba6 12. Re1 Qe7 13. Nc2 Nf7 14. Qd2 e5 15. Rad1 d6 16. Ne3 g6 17. b4 Rfd8 18. a4 Rab8 19. d5 Bb7 20. dxc6 Bxc6 21. Nd5 Bxd5 22. exd5 Qb7 23. b5 a6 24. Rb1 axb5 25. Rxb5 Qa6 26. Reb1 Rbc8 27. a5 Rc7 28. Rb6 Qc4 29. a6 Ra7 30. Qb4 Qxd5 31. h3 Rda8 32. Ra1 Qc5 33. Qxc5 dxc5 34. Nd2 f5 35. Nc4 e4 36. Kf1 Kg7 37. Ke2 Kf8 38. Ra5 Ke8 39. Nd6+ Nxd6 40. Rxd6 Ke7 41. Rb6 Kd7 42. Kd2 Kc7 43. Rf6 Rd8+ 44. Kc3 Rd7 45. Rxc5+ Kd8 46. Kc4 Rd1 47. Rd5+ Rxd5 48. Kxd5 Ke7 49. Rb6 Kd8 50. g3 Ra8 51. Rf6 Kc7 52. Kc5 1-0


[Site "https://www.chess.com"]

[Event "Titled Tuesday Blitz November 22 Late 2022"]
[White "Gundam, Rohit"]
[Black "Floresvillar Gonzalez, Luis Migu"]
[WhiteFideId "75002809"]
[BlackFideId "5100542"]
[WhiteElo "2397"]
[BlackElo "2040"]
[Result "1-0"]
[Round "08"]
[TimeControl "180+1"]
[Date "2022.11.23"]
[WhiteClock "0:01:03"]
[BlackClock "0:00:51"]

1. d4 Nf6 2. Nf3 d5 3. c4 c6 4. Nc3 dxc4 5. a4 Bf5 6. Ne5 e6 7. f3 Nbd7 8. Nxc4 Bb4 9. e4 Nxe4 10. fxe4 Qh4+ 11. Kd2 Bxe4 12. Qe1 Qxe1+ 13. Kxe1 O-O-O 14. Bd2 Bd5 15. Nxd5 Bxd2+ 16. Nxd2 exd5 17. Bd3 Rhe8+ 18. Kf2 Re6 19. Rhe1 Rde8 20. Rxe6 Rxe6 21. Re1 Rxe1 22. Kxe1 a5 23. Bxh7 g6 24. Bg8 Nb6 25. b3 f6 26. Bf7 g5 27. Be6+ Kc7 28. g3 Kd6 29. Bf5 Na8 30. h4 gxh4 31. gxh4 Ke7 32. h5 Kf7 33. h6 b5 34. axb5 cxb5 35. Ke2 a4 36. bxa4 bxa4 37. Kd3 Nb6 38. Kc3 Kg8 39. Kb4 Kf7 40. Kc5 a3 41. Kxb6 a2 42. Nb3 1-0


[Site "https://www.chess.com"]

[Event "Titled Tuesday Blitz November 22 Late 2022"]
[White "Gutkin, Ilya"]
[Black "Riff, Vincent"]
[WhiteFideId "16203470"]
[BlackFideId "617776"]
[WhiteElo "2265"]
[BlackElo "2369"]
[Result "1-0"]
[Round "08"]
[TimeControl "180+1"]
[Date "2022.11.23"]
[WhiteClock "0:00:08"]
[BlackClock "0:00:43"]

1. Nf3 d5 2. g3 Nf6 3. Bg2 g6 4. b3 Bg7 5. Bb2 O-O 6. c4 c6 7. O-O Bg4 8. d3 Bxf3 9. Bxf3 e6 10. Nd2 Nbd7 11. Qc2 h5 12. h4 Re8 13. e4 dxe4 14. dxe4 Nc5 15. Rad1 Qd3 16. Qxd3 Nxd3 17. Bc3 Rad8 18. Be2 Nc5 19. f3 Nfd7 20. Bxg7 Kxg7 21. Kf2 Ne5 22. Ke3 Ned7 23. Nb1 e5 24. Rd6 Nf6 25. Rfd1 Rxd6 26. Rxd6 Ne6 27. Nc3 Nd4 28. c5 a5 29. Bc4 Re7 30. Ne2 Ne6 31. Bxe6 fxe6 32. Nc1 Ne8 33. Rd8 Nc7 34. Nd3 Na6 35. a3 Kf6 36. Kd2 Rf7 37. Kc3 Ke7 38. Nxe5 Rxf3+ 39. Nxf3 Kxd8 40. Kc4 Ke7 41. Ne5 Kf6 42. Nd7+ Kf7 43. Ne5+ Kg7 44. Kd4 Nc7 45. Nc4 Kf6 46. a4 e5+ 47. Kc3 Ne6 48. b4 axb4+ 49. Kxb4 g5 50. Nd6 gxh4 51. gxh4 Nd8 52. Ka5 Ke6 53. Kb6 Kd7 54. Nxb7 Ne6 55. a5 Kc8 56. Nd6+ Kb8 57. Kxc6 Ka7 58. Kd5 Nf4+ 59. Kxe5 Ng2 60. c6 Kb8 61. a6 Nxh4 62. a7+ Kxa7 63. c7 Ng6+ 64. Kf6 Kb6 65. c8=Q 1-0


[Site "https://www.chess.com"]

[Event "Titled Tuesday Blitz November 22 Late 2022"]
[White "Hardaway, Brewington"]
[Black "Czopor, Maciej"]
[WhiteFideId "30941849"]
[BlackFideId "21805431"]
[WhiteElo "2159"]
[BlackElo "2324"]
[Result "1-0"]
[Round "08"]
[TimeControl "180+1"]
[Date "2022.11.23"]
[WhiteClock "0:00:29"]
[BlackClock "0:01:06"]

1. e4 c6 2. c4 g6 3. Nc3 Bg7 4. d4 d6 5. Nf3 Nf6 6. Be2 O-O 7. O-O Nbd7 8. h3 e5 9. d5 c5 10. Ne1 Ne8 11. Nd3 Nc7 12. b4 cxb4 13. Nxb4 Nc5 14. Be3 f5 15. exf5 gxf5 16. Rc1 Qh4 17. Bxc5 dxc5 18. Nd3 b6 19. d6 Ne6 20. Nd5 Nd4 21. f4 e4 22. Ne5 Bb7 23. Ne7+ Kh8 24. N7g6+ hxg6 25. Nxg6+ Kh7 26. Nxh4 Rad8 27. Bg4 fxg4 28. Qxg4 Rxd6 29. f5 e3 30. Ng6 e2 31. Nxf8+ Bxf8 32. Rfe1 Bh6 33. Rxe2 Nxe2+ 34. Qxe2 Rd7 35. Rd1 Rg7 36. g4 Bg5 37. Rd6 Re7 38. Qxe7+ Bxe7 39. Rd7 Ba6 40. Rxe7+ Kh6 41. h4 Bxc4 42. Kf2 Bxa2 43. Kg3 c4 44. g5+ Kh5 45. Rh7# 1-0


[Site "https://www.chess.com"]

[Event "Titled Tuesday Blitz November 22 Late 2022"]
[White "Haszon, David"]
[Black "Averjanov, Alexey"]
[WhiteFideId "733610"]
[BlackFideId "14109867"]
[WhiteElo "2211"]
[BlackElo "2597"]
[Result "1-0"]
[Round "08"]
[TimeControl "180+1"]
[Date "2022.11.23"]
[WhiteClock "0:00:05"]
[BlackClock "0:00:04"]

1. e4 c6 2. d4 d5 3. e5 Bf5 4. Nf3 e6 5. Be2 Nd7 6. O-O h6 7. b3 Ne7 8. c4 c5 9. Nc3 dxc4 10. Nb5 Nc6 11. d5 exd5 12. Qxd5 Nb6 13. Qxd8+ Rxd8 14. bxc4 Be7 15. Nc7+ Kd7 16. Nd5 Be6 17. Nxe7 Kxe7 18. Be3 Nd4 19. Bxd4 cxd4 20. c5 d3 21. Bxd3 Rxd3 22. cxb6 axb6 23. Rfb1 Ra8 24. Rxb6 Bd5 25. Ne1 Rda3 26. Rb5 Ke6 27. f4 Rxa2 28. Rxa2 Rxa2 29. g4 Ra4 30. Nd3 Rd4 31. Nc5+ Ke7 32. Nxb7 Bc6 33. Rb6 Bf3 34. Kf2 Bxg4 35. Ke3 Rd7 36. Nc5 Ra7 37. Ne4 Be6 38. Ng3 g6 39. Ne4 Ra3+ 40. Kd4 Ra4+ 41. Ke3 Ra3+ 42. Kd4 Rf3 43. Rb7+ Kd8 44. Nf6 Rxf4+ 45. Kc5 Rc4+ 46. Kd6 Rd4+ 47. Kc5 Rd2 48. Rb8+ Kc7 49. Ra8 Rxh2 50. Ra7+ Kb8 51. Re7 Re2 52. Kd6 Rd2+ 53. Kc6 h5 54. Re8+ Ka7 55. Re7+ Ka6 56. Re8 Ka5 57. Kc5 Ka4 58. Ne4 Rc2+ 59. Kd4 h4 60. Nc5+ Ka3 61. Nxe6 fxe6 62. Rxe6 g5 63. Rh6 1-0


[Site "https://www.chess.com"]

[Event "Titled Tuesday Blitz November 22 Late 2022"]
[White "Ibadov, Dashgyn"]
[Black "Stanisz, Patryk"]
[WhiteFideId "24107514"]
[BlackFideId "1123106"]
[WhiteElo "2208"]
[BlackElo "2069"]
[Result "1-0"]
[Round "08"]
[TimeControl "180+1"]
[Date "2022.11.23"]
[WhiteClock "0:00:07"]
[BlackClock "0:00:02"]

1. e4 c5 2. Nf3 Nc6 3. d4 cxd4 4. Nxd4 Nf6 5. Nc3 e5 6. Ndb5 d6 7. Bg5 a6 8. Na3 b5 9. Nd5 Qa5+ 10. Bd2 Qd8 11. Be3 Nxd5 12. exd5 Ne7 13. c4 bxc4 14. Nxc4 Nf5 15. Bb6 Qh4 16. Be2 Be7 17. O-O O-O 18. Ne3 Nxe3 19. Bxe3 f5 20. f4 Bf6 21. Rc1 exf4 22. Bxf4 Bxb2 23. Rc7 Qf6 24. Qc2 Bd4+ 25. Kh1 Rb8 26. Bf3 h6 27. h3 a5 28. Rc1 Ba6 29. Qc6 Rb6 30. Qd7 Be5 31. Bxe5 Qxe5 32. R7c6 Rfb8 33. Rxb6 Rxb6 34. Qd8+ Kh7 35. Qxb6 Qf4 36. Re1 Bc4 37. Qe3 Qg3 38. Qe6 Bd3 39. a3 Be4 40. Rxe4 fxe4 41. Qxe4+ Kh8 42. Qe8+ Kh7 43. Be4+ g6 44. Qf7+ Kh8 45. Qxg6 Qe1+ 46. Kh2 Qe3 47. Qh7# 1-0


[Site "https://www.chess.com"]

[Event "Titled Tuesday Blitz November 22 Late 2022"]
[White "Kaplan, Avi Harrison"]
[Black "Artemenko, Oleg"]
[WhiteFideId "30934559"]
[BlackFideId "14201798"]
[WhiteElo "1983"]
[BlackElo "2287"]
[Result "0-1"]
[Round "08"]
[TimeControl "180+1"]
[Date "2022.11.23"]
[WhiteClock "0:00:10"]
[BlackClock "0:02:01"]

1. d4 e6 2. c4 Nf6 3. Nc3 Bb4 4. Bd2 O-O 5. Nf3 b6 6. e3 Bb7 7. Bd3 d6 8. O-O Nbd7 9. Qc2 e5 10. dxe5 dxe5 11. Rfd1 Bxc3 12. Bxc3 e4 13. Bxf6 Nxf6 14. Be2 Qe7 15. Nd4 Rfd8 16. Rd2 c5 17. Nf5 Qe5 18. Ng3 Rxd2 19. Qxd2 Re8 20. Rd1 h5 21. Qd6 Qxd6 22. Rxd6 h4 23. Nf5 h3 24. gxh3 Bc8 25. Bg4 g6 26. Rxf6 gxf5 27. Bxf5 Kg7 28. Bxc8 Kxf6 29. Bb7 Ke5 30. Bd5 f5 31. Kg2 Re7 32. h4 Rh7 33. Kg3 b5 34. b3 a5 35. a4 b4 36. Kh3 f4 37. Kg4 Rg7+ 38. Kh3 f3 39. h5 Kf5 40. Kh4 Rg2 41. h3 Rxf2 42. h6 Kg6 43. Bxe4+ Kxh6 44. Kg3 Rb2 45. Bxf3 Rxb3 46. e4 Rc3 47. e5 b3 48. e6 Kg7 49. Kf4 Kf6 50. h4 Rxf3+ 51. Kxf3 b2 52. e7 Kxe7 53. Ke4 b1=Q+ 54. Kd5 Qf5+ 55. Kc6 Qh5 56. Kb5 Qxh4 57. Kxa5 Qxc4 58. Kb6 Qxa4 59. Kc7 c4 60. Kc8 c3 61. Kc7 c2 62. Kb8 c1=Q 63. Kb7 Qcc6+ 64. Kb8 Qaa8# 0-1


[Site "https://www.chess.com"]

[Event "Titled Tuesday Blitz November 22 Late 2022"]
[White "Kirillov, Dmitry"]
[Black "Arnold, Ken"]
[WhiteFideId "34180572"]
[BlackFideId "2056836"]
[WhiteElo "2095"]
[BlackElo "2364"]
[Result "1/2-1/2"]
[Round "08"]
[TimeControl "180+1"]
[Date "2022.11.23"]
[WhiteClock "0:00:05"]
[BlackClock "0:00:05"]

1. e4 c6 2. d4 d5 3. Nc3 dxe4 4. Nxe4 Nf6 5. Nxf6+ exf6 6. c3 Bd6 7. Bd3 Qc7 8. Ne2 Be6 9. Qc2 g6 10. Bh6 Nd7 11. O-O-O O-O-O 12. h4 Rhe8 13. Kb1 Qa5 14. b3 f5 15. Bf4 Qc7 16. Bxd6 Qxd6 17. Rhe1 Nf6 18. g3 Nd5 19. Kb2 f4 20. a3 fxg3 21. Nxg3 f5 22. c4 Nf4 23. Bf1 Bd7 24. Qd2 Rxe1 25. Rxe1 Re8 26. Rxe8+ Bxe8 27. Qe3 Bf7 28. c5 Qe6 29. Bc4 Qxe3 30. fxe3 Ne6 31. Kc3 Kd7 32. b4 Ke7 33. e4 fxe4 34. Nxe4 h6 35. Nd6 b5 36. cxb6 axb6 37. Nc8+ Kf6 38. Nxb6 g5 39. Nd7+ Ke7 40. Ne5 Be8 41. hxg5 hxg5 42. a4 Kd6 43. a5 Nc7 44. Ng4 Bd7 45. Ne5 Be6 46. Bf1 g4 47. Bg2 Bd5 48. Bxd5 Nxd5+ 49. Kc4 g3 50. Nf3 g2 51. b5 cxb5+ 52. Kxb5 Nc3+ 53. Kb6 Na4+ 54. Kb7 Nc3 55. a6 Nb5 56. Kb6 Nc7 57. a7 Nd5+ 58. Kb7 Nc7 59. Ng1 Kd7 60. Ne2 Kd6 61. Kb8 Kd7 62. Kb7 Kd6 63. a8=Q Nxa8 64. Kxa8 Kd5 65. Nf4+ Kxd4 66. Nxg2 1/2-1/2


[Site "https://www.chess.com"]

[Event "Titled Tuesday Blitz November 22 Late 2022"]
[White "Kleiman, Jake"]
[Black "Klenburg, Michael"]
[WhiteFideId "2020041"]
[BlackFideId "14102072"]
[WhiteElo "2619"]
[BlackElo "2405"]
[Result "0-1"]
[Round "08"]
[TimeControl "180+1"]
[Date "2022.11.23"]
[WhiteClock "0:00:08"]
[BlackClock "0:00:05"]

1. e4 d6 2. d4 Nf6 3. Nc3 g6 4. Nf3 Bg7 5. h3 O-O 6. Be2 c6 7. a4 Qc7 8. Be3 Nbd7 9. O-O b6 10. Qd2 Bb7 11. Bh6 a6 12. Rfe1 e5 13. dxe5 dxe5 14. Rad1 b5 15. Qg5 Bxh6 16. Qxh6 Rfe8 17. Ng5 Nf8 18. Rd3 Rad8 19. Rf3 Qe7 20. Bd3 Ne6 21. Nxe6 Qxe6 22. Ne2 Nd7 23. Ng3 f6 24. h4 Qe7 25. h5 Nf8 26. hxg6 hxg6 27. Nh5 Rd6 28. Ree3 Bc8 29. Rg3 Qh7 30. Nxf6+ Rxf6 31. Qg5 Qg7 32. axb5 axb5 33. c4 Bd7 34. cxb5 cxb5 35. Bc2 Be6 36. Qxe5 Rc8 37. Rc3 Rxc3 38. Rxc3 Rf7 39. Qxb5 Qd4 40. Qe2 Qb4 41. Bd3 Rb7 42. Bc4 Qxb2 43. Bxe6+ Nxe6 44. Qc4 Kf7 45. Rf3+ Ke7 46. g3 Qb5 47. Qc3 Qh5 48. Qf6+ Kd6 49. Rd3+ Kc7 50. Qxe6 Rb1+ 51. Kg2 Qh1# 0-1


[Site "https://www.chess.com"]

[Event "Titled Tuesday Blitz November 22 Late 2022"]
[White "Kollars, Dmitrij"]
[Black "Pakleza, Zbigniew"]
[WhiteFideId "12909572"]
[BlackFideId "1119290"]
[WhiteElo "2584"]
[BlackElo "2411"]
[Result "1-0"]
[Round "08"]
[TimeControl "180+1"]
[Date "2022.11.22"]
[WhiteClock "0:01:38"]
[BlackClock "0:01:01"]

1. e4 d6 2. d4 Nf6 3. Nc3 c6 4. Be3 Qb6 5. Rb1 Ng4 6. Bg5 e5 7. Nf3 Nd7 8. Be2 h6 9. Bh4 Ngf6 10. O-O Be7 11. Re1 O-O 12. h3 Re8 13. Bf1 Bf8 14. a4 a5 15. Qd2 Qb4 16. b3 g6 17. Rbd1 Bg7 18. d5 Bf8 19. Qe3 cxd5 20. Nxd5 Nxd5 21. Rxd5 Nb6 22. Rb5 1-0


[Site "https://www.chess.com"]